 Dungeon Crawl Stone Soup version 0.17.0-24-gcfadda4 (console) character file.

21 gw the Ducker (level 2, 0/12 HPs)
             Began as a Felid Fire Elementalist on Nov 17, 2015.
             Slain by a jackal (3 damage)
             ... on level 1 of the Dungeon.
             The game lasted 00:00:45 (941 turns).

gw the Ducker (Felid Fire Elementalist)              Turns: 941, Time: 00:00:45

Health: 0/12       AC:  1    Str:  4    XL:     2   Next: 65%
Magic:  0/6        EV: 18    Int: 16    God:
Gold:   59         SH:  0    Dex: 16    Spells: 2 memorised, 3 levels left
                                        Lives:  0   Deaths: 0

rFire  . . .     SeeInvis +     (weapon unavailable)
rCold  . . .     Clarity  .     (armour unavailable)
rNeg   . . .     SustAt   .     (shield unavailable)
rPois  .         Gourm    .     (helmet unavailable)
rElec  .         Spirit   .     (cloak unavailable)
rCorr  .         Warding  .     (gloves unavailable)
rMut   .         Stasis   .     (boots unavailable)
MR     .....                    (no amulet)
Stlth  +++.......               (no ring)
                                (no ring)

@: quick, not resistant to hostile enchantments, fairly stealthy
A: no armour, no weapons or thrown items, claws 1, fangs 3, see invisible,
carnivore 3, speed 1, shaggy fur 1, slow metabolism 1, sharp paws
a: no special abilities


You were on level 1 of the Dungeon.
You were full.

You visited 1 branch of the dungeon, and saw 1 of its levels.

You collected 59 gold pieces.

Inventory:

Scrolls
 d - a scroll of identify {unknown}
 f - a scroll of recharging {unknown}
 h - a scroll of remove curse {unknown}
Potions
 c - a potion of curing {unknown}
 e - a potion of heal wounds {unknown}
 g - a potion of might {unknown}
Books
 a - a book of Flames

   Spells                             Type                      Level
   a - Flame Tongue                   Conjuration/Fire             1
   b - Throw Flame                    Conjuration/Fire             2
   c - Conjure Flame                  Conjuration/Fire             3
   d - Inner Flame                    Hexes/Fire                   3
   e - Sticky Flame                   Conjuration/Fire             4
   f - Fireball                       Conjuration/Fire             5
Comestibles
 b - a meat ration


   Skills:
 + Level 0.6 Fighting
 + Level 3.1 Dodging
 - Level 2.6 Stealth
 + Level 0.6 Unarmed Combat
 * Level 2.5 Spellcasting
 - Level 0.8 Conjurations
 + Level 2.8 Fire Magic


You had 3 spell levels left.
You knew the following spells:

 Your Spells              Type           Power        Failure   Level  Hunger
a - Flame Tongue          Conj/Fire      #....        12%         1    #......
b - Throw Flame           Conj/Fire      #.....       17%         2    ##.....


Dungeon Overview and Level Annotations

Branches:
Dungeon (1/15)

Altars:


Innate Abilities, Weirdness & Mutations

You cannot wear armour.
You are incapable of wielding weapons or throwing items.
You have sharp claws.
You have razor-sharp teeth.
You have supernaturally acute eyesight.
You are carnivorous and can eat meat at any time.
You cover ground quickly.
You are covered in fur (AC +1).
You have a slow metabolism.
Your sharp claws are effective at attacking unaware monsters.


Message History

The jackal is moderately wounded.
The jackal misses you.
ATTACKING (-1,0)
You closely miss the jackal.
The jackal is moderately wounded.
The jackal barely misses you. The jackal bites you.
ATTACKING (-1,0)
You scratch the jackal but do no damage.
The jackal is moderately wounded.
The jackal bites you.
ATTACKING (-1,0)
You closely miss the jackal.
The jackal is moderately wounded.
The jackal barely misses you.
ATTACKING (-1,0)
You scratch the jackal but do no damage.
Your bite misses the jackal.
The jackal is moderately wounded.
The jackal bites you. x2
You die...

#. .#. #. #.# #. ##+## #.# #.
##...## #.# #. ##.....## ###
#.# #. ##.......## ##.###.# ##
###........h####...##.########
...........hhh.(..............
..hh........####...##.########
##.#.......## ##.###.## #####
##.....## ####...###....
##...## ##.###.##.### ##+##
#.## ##)#.# # #.# #.#.# # #.##
##.#.# # ##.###.##.# #


You could see 3 jackals.

Table legend:
 A = Turns spent in this place as a percentage of turns spent in the entire game.
 B = Non-inter-level travel turns spent in this place as a percentage of non-inter-level travel turns spent in the entire game.
 C = Inter-level travel turns spent in this place as a percentage of turns spent in this place.
 D = Turns resting spent in this place as a percentage of non-inter-level travel turns spent in this place.
 E = Turns spent auto-exploring this place as a percentage of non-inter-level travel turns spent in this place.
 F = Non-inter-level travel turns spent in this place divided by the number of levels of this place that you've seen.
                   A       B       C       D       E      F
               +-------+-------+-------+-------+-------+----------------------
         Total | 100.0 | 100.0 |   1.1 |   3.2 |   2.6 | 1076.0
       Dungeon | 100.0 | 100.0 |   1.1 |   3.2 |   2.6 | 1076.0
               +-------+-------+-------+-------+-------+----------------------

Table legend:
 A = Kills in this place as a percentage of kills in entire the game.
 B = Kills by you in this place as a percentage of kills by you in the entire game.
 C = Kills by friends in this place as a percentage of kills by friends in the entire game.
 D = Other kills in this place as a percentage of other kills in the entire game.
 E = Experience gained in this place as a percentage of experience gained in the entire game.
 F = Experience gained in this place divided by the number of levels of this place that you have seen.
                   A       B       C       D       E      F
               +-------+-------+-------+-------+-------+----------------------
         Total | 100.0 | 100.0 |  -nan |  -nan | 100.0 |  31.0
       Dungeon | 100.0 | 100.0 |  -nan |  -nan | 100.0 |  31.0
               +-------+-------+-------+-------+-------+----------------------

Vanquished Creatures
  A giant cockroach (D:1)
  5 goblins (D:1)
  4 hobgoblins (D:1)
  3 kobolds (D:1)
  A bat (D:1)
  A giant gecko (D:1)
  3 jackals (D:1)
  2 rats (D:1)
20 creatures vanquished.

Notes
Turn   | Place    | Note
--------------------------------------------------------------
     0 | D:1      | gw the Felid Fire Elementalist began the quest for the Orb.
     0 | D:1      | Reached XP level 1. HP: 7/7 MP: 4/4
   214 | D:1      | Reached skill level 3 in Dodging
   271 | D:1      | Reached XP level 2. HP: 11/11 MP: 3/6
   298 | D:1      | Learned a level 2 spell: Throw Flame
   941 | D:1      | Slain by a jackal

Action                   || total
-------------------------++-------
Melee: Unarmed           ||    14
 Cast: Flame Tongue      ||    20
       Throw Flame       ||    14
  Eat: Chunk             ||     6

Vault maps used:
D:1:      lightli_arrival_chessboard, minmay_statues_item
